Map: Orbital Shipyard

Players

Fitz - Winner!

  • Race: Protoss Protoss
  • League: Silver

wabbajack

  • Race: Zerg Zerg
  • League: Gold

VOD

Have the link to the VOD?

Description

Time

  • Played on: July 19, 2015, 1:31 p.m.
  • Length: 9:20
Show
View Real Time Build Order
Export as new Build Order

Fitz Protoss - Winner!

Build Orders: Mass Adepts 

Get SALT Encoding   

  12  0:07  Probe  
  12  0:13  Pylon  
  13  0:19  Probe  
  14  0:32  Probe (Chrono Boost)  
  15  0:36  Gateway  
  16  0:44  Probe (Chrono Boost)  
  16  0:45  Assimilator  
  16  0:51  Probe (Chrono Boost)  
  17  1:01  Probe  
  18  1:06  Gateway  
  18  1:13  Probe  
  18  1:15  Pylon  
  19  1:26  Cybernetics Core  
  19  1:29  Probe (Chrono Boost)  
  20  1:43  Assimilator  
  20  2:00  Nexus  
  20  2:06  Adept  
  22  2:10  Warp Gate (Chrono Boost)  
  22  2:13  Adept  
  24  2:27  Pylon  
  24  2:32  Pylon  
  24  2:36  Adept  
  26  2:40  Adept  
  28  2:46  Probe  
  28  2:55  Gateway  
  28  3:07  Gateway  
  28  3:14  Gateway  
  28  3:21  Probe (Chrono Boost)  
  28  3:22  Probe (Chrono Boost)  
  30  3:36  Probe (Chrono Boost)  
  30  3:37  Probe (Chrono Boost)  
  32  3:47  Probe  
  33  4:08  Adept x2  
  33  4:09  Adept x2  
  39  4:22  Mothership Core (Chrono Boost)  
  36  4:30  Adept x2  
  36  4:31  Adept  
Show
View Real Time Build Order
Export as new Build Order

wabbajack Zerg 

Build Orders: Pool First 

Get SALT Encoding   

  12  0:02  Drone  
  13  0:15  Overlord  
  13  0:18  Drone  
  14  0:30  Drone, Extractor  
  14  0:34  Drone  
  15  0:44  Spawning Pool  
  15  0:48  Drone  
  15  0:54  Drone  
  16  1:00  Drone  
  17  1:13  Drone  
  18  1:28  Hatchery  
  17  1:38  Queen  
  19  1:45  Metabolic Boost  
  19  1:53  Overlord  
  19  1:58  Drone  
  21  2:01  Drone  
  21  2:14  Pneumatized Carapace  
  21  2:24  Zergling x4  
  21  2:27  Zergling x2  
  24  2:37  Overlord  
  24  2:40  Zergling x2  
  25  2:52  Queen  
  25  2:55  Zergling x6  
  25  2:56  Zergling x2  
  31  3:05  Zergling x6  
  34  3:30  Lair  
  34  3:33  Drone  
  34  3:34  Drone x4  
  39  4:02  Spore Crawler  
  38  4:07  Overlord  
  38  4:10  Drone x4  
  42  4:17  Hatchery  
  39  4:44  Roach Warren, Spine Crawler  
  39  4:45  Spine Crawler  
  31  4:46  Spine Crawler  
  31  4:47  Drone x7  
  16  5:48  Zergling x2  
  16  5:49  Zergling x16  
  3  6:55  Drone  
Tags
 
Add a new tag
Caveats
  • Supply blocks, unpowered buildings, or Contaminate may cause inaccurate times.
  • Supply counts are checked every 10 seconds.